 Dungeon Crawl Stone Soup version 0.29-a0-334-gb41bcbb86e (webtiles) character file.

Game seed: 17937404736340142056

42 rabbitsville the Magician (level 3, -4/27 HPs)
             Began as a Djinni Ice Elementalist on Apr 15, 2022.
             Slain by a gnoll
             ... wielding a +3 vorpal spear
              (7 damage)
             ... on level 3 of the Dungeon.
             The game lasted 00:06:13 (2269 turns).

rabbitsville the Magician (Djinni Ice Elementalist) Turns: 2269, Time: 00:06:14

Health: -4/27      AC:  3    Str:  6 (7)  XL:     3   Next: 80%
Gold:   134        EV: 12    Int: 17 (18) God:
                   SH:  0    Dex: 10 (13)

rFire   + + .      SeeInvis .   b - +0 dagger
rCold   x . .      Faith    .   (no shield)
rNeg    + . .      Spirit   .   a - +0 robe
rPois   ∞          Reflect  .   (no helmet)
rElec   .          Harm     .   h - +0 cloak
rCorr   .          Rampage  .   (no gloves)
Will    .....                   (boots unavailable)
Stlth   ++........              (no amulet)
HPRegen 0.09/turn               o - ring of positive energy
MPRegen 0.00/turn               (no ring)

@: flying
A: sickness immunity, fire resistance 2, cold vulnerability 1, float, innate
caster, HP casting, extra vitality 1
a: no special abilities


You were on level 3 of the Dungeon.
You visited 1 branch of the dungeon, and saw 3 of its levels.

You collected 134 gold pieces.

Inventory:

Hand Weapons
 b - a +0 dagger (weapon)
Armour
 a - a +0 robe (worn)
 h - a +0 cloak (worn)
Jewellery
 o - a ring of positive energy (left hand)
Scrolls
 c - 3 scrolls of enchant armour {unknown}
 i - a scroll of fog {unknown}
 j - 2 scrolls of enchant weapon {unknown}
 k - 3 scrolls of identify {unknown}
 l - a scroll of vulnerability {unknown}
Potions
 d - a potion of attraction {unknown}
 e - a potion of cancellation {unknown}
 f - a potion of degeneration
 g - a potion of curing {unknown}
 m - a potion of mutation {unknown}
 n - a potion of ambrosia {unknown}


   Skills:
 + Level 1.0 Fighting
 - Level 2.5 Dodging
 - Level 2.0 Stealth
 * Level 3.7 Spellcasting


You couldn't memorise any spells.
You knew the following spells:

 Your Spells              Type           Power      Damage    Failure   Level
a - Freeze                Ice            64%        1d8       3%          1
b - Frozen Ramparts       Ice            32%        1d5       11%         3
c - Ozocubu's Armour      Ice            16%        N/A       11%         3
d - Hailstorm             Conj/Ice       16%        3d6       34%         4
e - Magic Dart            Conj           64%        1d6       3%          1
Your spell library was empty.

Dungeon Overview and Level Annotations

Branches:
Dungeon (3/15)

Altars:
Okawaru


Innate Abilities, Weirdness & Mutations

You are immune to sickness and miasma.
You are immune to poison.
Your flesh is very heat resistant. (rF++)
You are vulnerable to cold. (rC-)
You float through the air rather than walking.
You learn spells naturally, not from books.
Your magical power is your life essence.
You have superior vitality. (+4 MHP)


Message History

There is a stone staircase leading down here.
You fly downwards.
There is a stone staircase leading up here.
Found a robe.
You see here a +0 robe.
j - 2 scrolls labelled ZUYMPONYOR (gained 1)
You now have 134 gold pieces (gained 9).
A kobold comes into view. It is wielding a +0 dagger.
The kobold shouts!
You hear a shout!
The kobold throws a stone.
The stone misses you.
You freeze the kobold.
You kill the kobold!
A gnoll comes into view. It is wielding a +3 vorpal spear.
Found a scroll labelled XUNOUR CINUDI.
You see here 8 gold pieces.
Found a trident.
The gnoll barely misses you. The gnoll completely misses you.
You freeze the gnoll.
The gnoll is lightly wounded.
The gnoll hits you with a +3 vorpal spear.
You freeze the gnoll.
The gnoll is lightly wounded.
The gnoll hits you with a +3 vorpal spear.
You freeze the gnoll.
The gnoll is heavily wounded.
The gnoll hits you with a +3 vorpal spear.
You are too injured to fight recklessly!
Aiming: Freeze (safe; 3% risk of failure)
Press: ? - help, Q - select action, (/) - cycle Shift-Dir - straight line, f/p - gnoll
Aim: a gnoll, wielding a +3 vorpal spear (heavily wounded)
You freeze the gnoll.
The gnoll is heavily wounded.
The gnoll hits you with a +3 vorpal spear!
* * * LOW HITPOINT WARNING * * *
x2 It was a potion of degeneration.
There was something very wrong with that liquid.
You feel weakened.
You feel dopey.
You feel clumsy.
The gnoll hits you with a +3 vorpal spear!
You die...

#.........# #.........#
#.........# #.........#
####........<#
#............##
.)............# #########
.###..........###.......#
#.....@........[.....#
#######g######.......#
#....#########.#
#...$.########.#
#..............#
#.....#.#######...
........#.).........
..########.......### .?.
.......


You could see a gnoll.

Vanquished Creatures
  A dart slug (D:2)
  4 ball pythons
  4 endoplasms
  5 giant cockroaches
  8 goblins
  2 hobgoblins (D:1)
  2 kobolds
  A quokka (D:2)
  2 bats
  4 frilled lizards (D:1)
  A rat (D:1)
34 creatures vanquished.

Notes
Turn   | Place    | Note
-------+----------+-------------------------------------------
     0 | D:1      | rabbitsville the Djinni Ice Elementalist began the quest
                  | for the Orb.
     0 | D:1      | Reached XP level 1. HP: 15/15 MP: 0/0
   352 | D:1      | Reached XP level 2. HP: 19/21 MP: 0/0
   401 | D:1      | You are sucked into a shaft and drop 1 floor!
   453 | D:2      | Found an iron altar of Okawaru.
   992 | D:2      | Reached XP level 3. HP: 24/26 MP: 0/0
   992 | D:2      | Learned a level 1 spell: Magic Dart
  1919 | D:2      | Reached skill level 1 in Fighting
  2269 | D:3      | Slain by a gnoll

Illustrated notes

Levels and vault maps discovered:
D:1:      shiori_arrival_maze, layout_basic, minmay_hexomino_p4
D:2:      layout_basic, basic_altar
D:3:      layout_rooms, shapermc_ecumenical_altar_mp_ritualfount, uniq_ijyb

Skill      XL: |  1  2  3 |
---------------+----------+-----
Stealth        | 2 |  2.0
Fighting       | 1 |  1.0
Dodging        | |  2.5
Spellcasting   | |  3.7

Action                   || total
-------------------------++-------
Melee: Dagger            ||     2
 Cast: Freeze            ||    59
  Use: Potion            ||     1
Armor: Robe              ||     4
Dodge: Dodged            ||    27

Table legend: (Time is in decaauts)
 A = Elapsed time spent in this place.
 B = Non-inter-level travel time spent in this place.
 C = Inter-level travel time spent in this place.
 D = Time resting spent in this place.
 E = Time spent auto-exploring this place.
 F = Levels seen in this place.
 G = Mean time per level.
                   A        B        C        D        E       F      G
               +--------+--------+--------+--------+--------+-----+--------+
         Total |   2268 |   2209 |     59 |    112 |   1617 |   3 |  756.0 |
       Dungeon |   2268 |   2209 |     59 |    112 |   1617 |   3 |  756.0 |
               +--------+--------+--------+--------+--------+-----+--------+

Top non-repeatable levels by time:
     D:2: 1259 daAuts
     D:1: 961 daAuts
     D:3: 47 daAuts
